Map: Newkirk Precinct TE (Void)

Players

NiXLiM

  • Race: Terran Terran
  • League: Bronze
  • Spawn Location: 7:00

A.I. 1 (Harder) - Winner!

  • Race: Terran Terran
  • Spawn Location: 5:00

VOD

Have the link to the VOD?

Description

Time

  • Played on: Dec. 10, 2016, 5:33 p.m.
  • Length: 13:21
Show
View Real Time Build Order
Export as new Build Order

NiXLiM Terran 

Build Orders:  

Get SALT Encoding   

  12  0:02  SCV  
  13  0:16  SCV  
  14  0:29  Supply Depot  
  14  0:40  SCV, Supply Depot  
  14  0:41  Supply Depot  
  15  0:53  SCV  
  16  1:04  Barracks  
  16  1:08  Refinery  
  16  1:13  SCV  
  17  1:25  SCV  
  19  1:40  SCV  
  19  2:04  Refinery  
  19  2:16  Factory  
  19  2:18  Marine  
  20  2:27  Barracks  
  20  2:32  Barracks  
  20  2:35  Marine, SCV  
  22  2:47  SCV  
  23  2:53  Marine  
  24  2:59  SCV  
  24  3:01  Factory Reactor  
  25  3:06  Starport  
  25  3:11  SCV  
  26  3:13  Barracks Reactor  
  26  3:23  Barracks Reactor, SCV  
  26  3:25  Barracks Tech Lab  
  27  3:35  SCV  
  27  3:40  Widow Mine x2  
  32  4:01  Barracks  
  32  4:05  Engineering Bay  
  32  4:06  Engineering Bay  
  32  4:08  Supply Depot  
  32  4:09  Supply Depot  
  32  4:43  Factory Reactor  
  32  4:46  Armory  
  32  4:51  Medivac x2  
  36  4:59  Marine x2  
  38  5:00  Marine x2  
  38  5:01  Marauder  
  38  5:06  Barracks Tech Lab  
  42  5:10  Orbital Command  
  42  5:16  Terran Infantry Weapons Level 1  
  42  5:21  Terran Infantry Armor Level 1  
  42  5:32  Marine x2  
  42  5:33  Marine x2  
  46  5:39  Marauder  
  48  5:46  Marauder  
  50  5:58  Medivac x2  
  54  6:39  Supply Depot  
  54  6:42  Supply Depot  
  54  6:44  Supply Depot  
  54  6:46  Supply Depot  
  60  7:01  Cyclone x2  
  60  7:13  Medivac x2  
  64  7:16  Command Center  
  64  7:29  Terran Vehicle Weapons Level 1  
  39  8:53  Marine  
  39  8:54  Marauder x2, Marine x3  
  47  9:04  Medivac  
  49  9:11  Marine x2  
  49  9:12  Marine x2  
  49  9:16  Marauder x2  
  57  9:26  Terran Infantry Weapons Level 2  
  57  9:29  Marine x3  
  57  9:30  Marine  
  61  9:37  Marauder x2  
  53  9:47  Marine x4  
  53  9:50  Liberator  
  47  9:58  Marauder  
  47  9:59  Marauder  
  41  10:02  Widow Mine x2  
  44  10:20  Marauder x2  
  30  11:41  Command Center  
  30  12:06  Factory  
  30  12:16  Starport  
  30  12:23  Cyclone  
  30  12:24  Cyclone  
Show
View Real Time Build Order
Export as new Build Order

A.I. 1 (Harder) Terran - Winner!

Build Orders: Bio Tank 

Get SALT Encoding   

  12  0:00  SCV  
  13  0:13  SCV  
  14  0:20  Supply Depot  
  14  0:25  SCV  
  15  0:42  SCV  
  16  0:44  Barracks  
  16  0:49  Refinery  
  16  0:54  SCV  
  17  1:06  SCV  
  18  1:18  SCV  
  18  1:20  Supply Depot  
  19  1:31  SCV  
  19  1:32  Marine  
  21  1:41  Barracks  
  21  1:44  Orbital Command  
  21  1:50  Refinery  
  21  1:51  Barracks Tech Lab  
  21  2:09  Marine, Supply Depot  
  22  2:27  Marauder, Marine  
  25  2:45  Marine  
  25  2:49  Marauder  
  25  2:50  Supply Depot  
  28  3:03  Marine  
  30  3:05  SCV  
  30  3:10  Marauder  
  32  3:16  Engineering Bay  
  32  3:17  SCV  
  33  3:21  Marine  
  33  3:24  Supply Depot  
  34  3:29  SCV  
  34  3:31  Marauder  
  37  3:39  Marine  
  38  3:42  SCV  
  39  3:52  Marine  
  39  3:54  SCV  
  41  3:57  Marine  
  42  4:06  SCV  
  43  4:11  Marauder  
  45  4:47  Stimpack, Barracks Tech Lab  
  45  4:50  Factory  
  45  4:52  Factory  
  45  4:54  Supply Depot  
  45  4:55  Command Center  
  45  5:12  Combat Shields  
  45  5:24  Terran Infantry Weapons Level 1  
  45  5:33  Widow Mine  
  45  5:35  Factory Tech Lab  
  39  5:37  Starport  
  39  5:39  Starport  
  39  5:40  Marine  
  40  5:46  Marine  
  41  5:57  Marine  
  41  6:03  Factory Tech Lab  
  42  6:04  Marine  
  42  6:06  Siege Tank  
  42  6:07  SCV  
  42  6:08  SCV  
  48  6:15  Marine  
  48  6:16  Starport Tech Lab x2, Refinery  
  49  6:20  SCV x2  
  49  6:21  Siege Tank  
  54  6:30  Concussive Shells  
  54  6:32  SCV  
  55  6:33  SCV  
  55  6:38  Siege Tank  
  59  6:44  SCV  
  59  6:45  SCV  
  61  6:53  Widow Mine  
  63  6:56  SCV  
  63  6:58  SCV  
  65  7:01  Raven  
  65  7:05  Missile Turret  
  65  7:08  SCV  
  68  7:10  SCV  
  68  7:14  Supply Depot  
  69  7:18  Terran Infantry Armor Level 1  
  69  7:19  Missile Turret  
  69  7:20  SCV  
  69  7:22  SCV  
  71  7:26  Raven  
  71  7:29  Missile Turret  
  73  7:32  SCV  
  73  7:33  Missile Turret  
  73  7:34  SCV  
  75  7:42  Bunker  
  75  7:44  SCV  
  75  7:47  SCV  
  75  7:51  Sensor Tower  
  77  7:54  Supply Depot  
  77  7:56  SCV  
  78  7:59  SCV  
  78  8:01  Bunker  
  79  8:08  Armory, SCV  
  79  8:11  SCV  
  80  8:17  Barracks  
  80  8:20  SCV  
  81  8:29  Marauder  
  74  8:35  Marine  
  74  8:40  Hellion  
  75  8:45  Factory  
  74  8:50  Marine, Starport  
  74  8:51  Command Center  
  74  8:53  Marauder  
  77  9:05  Barracks Reactor  
  77  9:07  Hellion  
  77  9:08  Marine  
  80  9:11  Siege Tank  
  80  9:13  Supply Depot  
  80  9:15  Marine, Medivac  
  86  9:18  Medivac  
  88  9:25  Marine  
  88  9:26  Starport Reactor  
  88  9:28  Refinery  
  88  9:29  Factory Tech Lab  
  89  9:33  Marine  
  89  9:37  Supply Depot  
  86  9:42  Marine  
  86  9:43  Marine  
  86  9:45  Medivac  
  90  9:46  Marine  
  90  9:51  Hellion  
  93  9:54  Raven  
  93  9:56  Hellion  
  93  9:59  Marine  
  97  10:00  Supply Depot  
  97  10:04  Marine  
  99  10:08  Siege Tank  
  99  10:10  Refinery  
  99  10:12  Marine  
  103  10:15  Refinery  
  103  10:19  Siege Tank, SCV  
  103  10:20  SCV  
  106  10:21  SCV  
  104  10:30  Siege Tank  
  104  10:31  SCV  
  104  10:32  SCV  
  104  10:34  SCV  
  110  10:41  Siege Tank  
  113  10:43  SCV  
  113  10:45  SCV  
  113  10:46  SCV  
  116  10:51  Siege Tank  
  116  10:53  Supply Depot  
  116  10:55  SCV  
  120  10:57  SCV  
  120  10:59  SCV  
  120  11:01  Terran Infantry Weapons Level 2  
  118  11:13  Raven  
  117  11:21  Missile Turret  
  117  11:26  Raven  
  117  11:31  Missile Turret  
  119  11:34  Siege Tank  
  119  11:36  Engineering Bay  
  122  11:51  Bunker  
  122  11:53  Command Center  
  122  11:54  Infernal Pre-Igniter  
  122  12:17  Marauder  
  122  12:19  Marauder  
  122  12:21  Marine  
  127  12:23  Supply Depot  
  127  12:34  Ghost Academy  
  127  12:35  Marine  
  128  12:39  Marauder, Marine  
  128  12:40  Marine  
  128  12:41  Viking  
  128  12:44  Widow Mine  
  134  12:47  Supply Depot  
  136  12:52  Marine  
  136  12:57  Marine  
  138  12:59  Marauder  
  140  13:12  Refinery  
  142  13:15  Supply Depot  
  142  13:17  Refinery  
Tags
 
Composition
Bio Tank
League
Bronze
Matchup
TvT
Race
Terran
Spawn Locations
Close Positions
Add a new tag
Caveats
  • Supply blocks, unpowered buildings, or Contaminate may cause inaccurate times.
  • Supply counts are checked every 10 seconds.